PL
BOSTON PATRIOTS @ ATHLETIC CLUB KC
09/19/2023
 
TOP OF THE 1ST
Boston Patriots batting - Pitching for Athletic Club KC : RHP Juan Torres
Pitching: RHP Juan Torres
Batting: RHB Tommy Jones 0-0: Foul Ball, location: 2F
0-1: Swinging Strike
0-2: Ball
1-2: Ball
2-2: Strikes out swinging
Batting: RHB Tamasaburo Kato 0-0: Ball
1-0: Ball
2-0: Ball
3-0: Base on Balls
Batting: RHB Enrique Pérez 0-0: Called Strike
0-1: Grounds into double play, 5-4-3 (Groundball, 56)
Top of the 1st over - 0 run(s), 0 hit(s), 0 error(s), 0 left on base; Boston 0 - Athletic Club KC 0
BOTTOM OF THE 1ST
Athletic Club KC batting - Pitching for Boston Patriots : RHP Earnest Casey
Pitching: RHP Earnest Casey
Batting: RHB Jorge Trevino 0-0: Foul Ball, location: 2F
0-1: Fly out, F7 (Flyball, 7S)
Batting: SHB David Henderson 0-0: Ground out U3 (Groundball, 3L)
Batting: RHB Ramón Souza 0-0: Foul Ball, location: 2F
0-1: Ball
1-1: Ball
2-1: Fly out, F2 (Popup, 2LF)
Bottom of the 1st over - 0 run(s), 0 hit(s), 0 error(s), 0 left on base; Boston 0 - Athletic Club KC 0
TOP OF THE 2ND
Boston Patriots batting - Pitching for Athletic Club KC : RHP Juan Torres
Batting: RHB Wilfred McLaughlin 0-0: Called Strike
0-1: Fly out, F6 (Popup, 6MD)
Batting: RHB Karl Schultz 0-0: Fly out, F7 (Flyball, 7LS)
Batting: RHB Terry Armstrong 0-0: Swinging Strike
0-1: Foul Ball, location: 2F
0-2: Ball
1-2: Ball
2-2: Ball
3-2: Fly out, F3 (Popup, 3DF)
Top of the 2nd over - 0 run(s), 0 hit(s), 0 error(s), 0 left on base; Boston 0 - Athletic Club KC 0
BOTTOM OF THE 2ND
Athletic Club KC batting - Pitching for Boston Patriots : RHP Earnest Casey
Batting: RHB John Downing 0-0: Ball
1-0: Ball
2-0: Called Strike
2-1: Ground out 5-3 (Groundball, 56S)
Batting: RHB Todd Blake 0-0: Called Strike
0-1: Foul Ball, location: 2F
0-2: SINGLE (Flyball, 6MD)
Batting: RHB Yoshifumi Sato 0-0: Ball
1-0: Called Strike
1-1: Foul Ball, location: 2F
1-2: Strikes out swinging
Batting: SHB Pedro Vázquez 0-0: Ball
1-0: Foul Ball, location: 2F
1-1: Swinging Strike
1-2: Ball
2-2: Strikes out swinging
Bottom of the 2nd over - 0 run(s), 1 hit(s), 0 error(s), 1 left on base; Boston 0 - Athletic Club KC 0
TOP OF THE 3RD
Boston Patriots batting - Pitching for Athletic Club KC : RHP Juan Torres
Batting: LHB Bill Chambers 0-0: Ground out 4-3 (Groundball, 4MS)
Batting: LHB Alberto Enríquez 0-0: Called Strike
0-1: Fly out, F8 (Flyball, 8LS)
Batting: RHB John MacGregor 0-0: SINGLE (Line Drive, 9LS)
Batting: RHB Tommy Jones 0-0: Ball
1-0: Called Strike
1-1: Ball
2-1: Foul Ball, location: 2F
2-2: Ball
John MacGregor steals 2nd base
3-2: Fly out, F8 (Flyball, 78D)
Top of the 3rd over - 0 run(s), 1 hit(s), 0 error(s), 1 left on base; Boston 0 - Athletic Club KC 0
BOTTOM OF THE 3RD
Athletic Club KC batting - Pitching for Boston Patriots : RHP Earnest Casey
Batting: RHB Ed Hopkins 0-0: Ball
1-0: DOUBLE (Line Drive, 8RS)
Batting: RHB Jason Dunn 0-0: Called Strike
0-1: Ball
1-1: Called Strike
1-2: Fly out, F6 (Popup, 6D)
Batting: RHB Jorge Trevino 0-0: Reached on error, E2 (Groundball, 2L)
Ed Hopkins to third
Batting: SHB David Henderson 0-0: Called Strike
0-1: Ball
1-1: Fielders Choice at 2nd, 3-6 (Groundball, 3)
Ed Hopkins scores
Batting: RHB Ramón Souza 0-0: Swinging Strike
0-1: Foul Ball, location: 2F
0-2: Ball
1-2: Ball
2-2: Ball
3-2: Strikes out swinging
Bottom of the 3rd over - 1 run(s), 1 hit(s), 1 error(s), 1 left on base; Boston 0 - Athletic Club KC 1
TOP OF THE 4TH
Boston Patriots batting - Pitching for Athletic Club KC : RHP Juan Torres
Batting: RHB Tamasaburo Kato 0-0: Called Strike
0-1: Ball
1-1: Foul Ball, location: 2F
1-2: SINGLE (Groundball, 56)
Batting: RHB Enrique Pérez 0-0: Ball
1-0: Grounds into double play, U4-3 (Groundball, 4M)
Batting: RHB Wilfred McLaughlin 0-0: Called Strike
0-1: SINGLE (Groundball, 56D)
Batting: RHB Karl Schultz 0-0: Swinging Strike
0-1: Fielders Choice at 2nd, 6-4 (Groundball, 6)
Top of the 4th over - 0 run(s), 2 hit(s), 0 error(s), 0 left on base; Boston 0 - Athletic Club KC 1
BOTTOM OF THE 4TH
Athletic Club KC batting - Pitching for Boston Patriots : RHP Earnest Casey
Batting: RHB John Downing 0-0: Called Strike
0-1: Swinging Strike
0-2: Strikes out looking
Batting: RHB Todd Blake 0-0: Called Strike
0-1: Ball
1-1: Swinging Strike
1-2: Foul Ball, location: 2F
1-2: SINGLE (Line Drive, 5)
Batting: RHB Yoshifumi Sato 0-0: Called Strike
0-1: Swinging Strike
0-2: Ball
1-2: Ball
2-2: Grounds into double play, 5-4-3 (Groundball, 5)
Bottom of the 4th over - 0 run(s), 1 hit(s), 0 error(s), 0 left on base; Boston 0 - Athletic Club KC 1
TOP OF THE 5TH
Boston Patriots batting - Pitching for Athletic Club KC : RHP Juan Torres
Batting: RHB Terry Armstrong 0-0: Ball
1-0: Ball
2-0: Ball
3-0: Called Strike
3-1: SINGLE (Groundball, 6MD)
Batting: LHB Bill Chambers 0-0: Swinging Strike
0-1: Ball
1-1: Ball
2-1: Foul Ball, location: 2F
2-2: Foul Ball, location: 2F
2-2: Strikes out looking
Batting: LHB Alberto Enríquez 0-0: Foul Ball, location: 2F
0-1: Foul Ball, location: 2F
0-2: Ball
1-2: Foul Ball, location: 2F
1-2: Fielders Choice at 2nd, 4-6 (Groundball, 4)
Batting: RHB John MacGregor 0-0: Ball
1-0: Ball
2-0: Ground out 6-3 (Groundball, 6)
Top of the 5th over - 0 run(s), 1 hit(s), 0 error(s), 1 left on base; Boston 0 - Athletic Club KC 1
BOTTOM OF THE 5TH
Athletic Club KC batting - Pitching for Boston Patriots : RHP Earnest Casey
Batting: SHB Pedro Vázquez 0-0: Swinging Strike
0-1: Ball
1-1: Foul Ball, location: 2F
1-2: Fly out, F8 (Popup, 6MD)
Batting: RHB Ed Hopkins 0-0: Foul Ball, location: 2F
0-1: Swinging Strike
0-2: Ball
1-2: Strikes out swinging
Batting: RHB Jason Dunn 0-0: Called Strike
0-1: Ball
1-1: Ball
2-1: Ground out 6-3 (Groundball, 6)
Bottom of the 5th over - 0 run(s), 0 hit(s), 0 error(s), 0 left on base; Boston 0 - Athletic Club KC 1
TOP OF THE 6TH
Boston Patriots batting - Pitching for Athletic Club KC : RHP Juan Torres
Batting: RHB Tommy Jones 0-0: Foul Ball, location: 2F
0-1: Swinging Strike
0-2: Strikes out swinging
Batting: RHB Tamasaburo Kato 0-0: Ball
1-0: Swinging Strike
1-1: Ball
2-1: Ball
3-1: Base on Balls
Batting: RHB Enrique Pérez 0-0: Ball
1-0: Foul Ball, location: 2F
1-1: Ball
2-1: Foul Ball, location: 2F
2-2: Foul Ball, location: 2F
2-2: Ball
3-2: Strikes out swinging
Batting: RHB Wilfred McLaughlin 0-0: Called Strike
0-1: Ball
1-1: Ball
2-1: Ball
3-1: Foul Ball, location: 2F
3-2: Ground out 5-3 (Groundball, 5S)
Top of the 6th over - 0 run(s), 0 hit(s), 0 error(s), 1 left on base; Boston 0 - Athletic Club KC 1
BOTTOM OF THE 6TH
Athletic Club KC batting - Pitching for Boston Patriots : RHP Earnest Casey
Batting: RHB Jorge Trevino 0-0: Foul Ball, location: 2F
0-1: Ball
1-1: Ball
2-1: Swinging Strike
2-2: Foul Ball, location: 2F
2-2: Ball
3-2: Foul Ball, location: 2F
3-2: Fly out, F6 (Line Drive, 6)
Batting: SHB David Henderson 0-0: Swinging Strike
0-1: Foul Ball, location: 2F
0-2: Fly out, F7 (Flyball, 7S)
Batting: RHB Ramón Souza 0-0: Ball
1-0: Foul Ball, location: 2F
1-1: Swinging Strike
1-2: Ball
2-2: Strikes out swinging
Bottom of the 6th over - 0 run(s), 0 hit(s), 0 error(s), 0 left on base; Boston 0 - Athletic Club KC 1
TOP OF THE 7TH
Boston Patriots batting - Pitching for Athletic Club KC : RHP Juan Torres
Batting: RHB Karl Schultz 0-0: Called Strike
0-1: Ball
1-1: Swinging Strike
1-2: Ball
2-2: Foul Ball, location: 2F
2-2: Foul Ball, location: 2F
2-2: Ball
3-2: Base on Balls
Batting: RHB Terry Armstrong 0-0: Foul Ball, location: 2F
0-1: Foul Ball, location: 2F
0-2: Ball
1-2: Foul Ball, location: 2F
1-2: Ball
2-2: Foul Ball, location: 2F
2-2: Fly out, F8 (Flyball, 8RD)
Batting: LHB Bill Chambers 0-0: Ball
1-0: Swinging Strike
1-1: Swinging Strike
1-2: Ball
2-2: Foul Ball, location: 2F
2-2: Ball
3-2: Foul Ball, location: 2F
3-2: Strikes out looking
Pitching: RHP Ole Kos
Batting: LHB Alberto Enríquez 0-0: Swinging Strike
0-1: Ball
1-1: Ball
2-1: DOUBLE (Line Drive, 7LM)
Karl Schultz to third
Runner from 3rd tries for Home, SAFE, no throw or cutoff
Batting: RHB John MacGregor 0-0: Ground out 6-3 (Groundball, 6)
Top of the 7th over - 1 run(s), 1 hit(s), 0 error(s), 1 left on base; Boston 1 - Athletic Club KC 1
BOTTOM OF THE 7TH
Athletic Club KC batting - Pitching for Boston Patriots : RHP Earnest Casey
Pitching: RHP Kyung-un Yi
Batting: RHB John Downing 0-0: Called Strike
0-1: Ball
1-1: SINGLE (Groundball, 13S) (infield hit)
Batting: RHB Todd Blake 0-0: Ball
1-0: Called Strike
1-1: Foul Ball, location: 2F
1-2: Ball
2-2: Strikes out looking
Batting: RHB Yoshifumi Sato 0-0: Foul Ball, location: 2F
0-1: Foul Ball, location: 2F
0-2: Foul Ball, location: 2F
0-2: Ball
1-2: Strikes out swinging
Batting: SHB Pedro Vázquez 0-0: Fly out, F7 (Flyball, 78S)
Bottom of the 7th over - 0 run(s), 1 hit(s), 0 error(s), 1 left on base; Boston 1 - Athletic Club KC 1
TOP OF THE 8TH
Boston Patriots batting - Pitching for Athletic Club KC : RHP Ole Kos
Batting: RHB Tommy Jones 0-0: Ball
1-0: Fly out, F9 (Line Drive, 9M)
Batting: RHB Tamasaburo Kato 0-0: Ground out 6-3 (Groundball, 6)
Batting: RHB Enrique Pérez 0-0: Called Strike
0-1: Ball
1-1: Ball
2-1: Swinging Strike
2-2: Ball
3-2: SINGLE (Line Drive, 78M)
Batting: RHB Wilfred McLaughlin 0-0: Fly out, F9 (Popup, 4D)
Top of the 8th over - 0 run(s), 1 hit(s), 0 error(s), 1 left on base; Boston 1 - Athletic Club KC 1
BOTTOM OF THE 8TH
Athletic Club KC batting - Pitching for Boston Patriots : RHP Kyung-un Yi
Batting: RHB Ed Hopkins 0-0: Ball
1-0: Swinging Strike
1-1: Ground out 4-3 (Groundball, 4M)
Pinch Hitting: RHB Jake Collins 0-0: Called Strike
0-1: Called Strike
0-2: Strikes out swinging
Batting: RHB Jorge Trevino 0-0: Foul Ball, location: 2F
0-1: SINGLE (Groundball, 56)
Batting: SHB David Henderson 0-0: Called Strike
0-1: SINGLE (Line Drive, 4MD)
Jorge Trevino to second
Batting: RHB Ramón Souza 0-0: Ball
1-0: Foul Ball, location: 2F
1-1: Called Strike
1-2: Strikes out looking
Bottom of the 8th over - 0 run(s), 2 hit(s), 0 error(s), 2 left on base; Boston 1 - Athletic Club KC 1
TOP OF THE 9TH
Boston Patriots batting - Pitching for Athletic Club KC : RHP Ole Kos
Pitching: RHP Gene Kirkland
Now at SS: Lawrence Washington
Batting: RHB Karl Schultz 0-0: Ball
1-0: Ball
2-0: SINGLE (Groundball, 25) (infield hit)
Batting: RHB Terry Armstrong 0-0: Ball
1-0: Ball
2-0: Ball
3-0: Base on Balls
Karl Schultz to second
Batting: LHB Bill Chambers 0-0: Called Strike
0-1: Foul Ball, location: 2F
0-2: Fly out, F7 (Line Drive, 7M)
Batting: LHB Alberto Enríquez 0-0: Called Strike
0-1: Foul Ball, location: 2F
0-2: Ball
1-2: Foul Ball, location: 2F
1-2: Foul Ball, location: 2F
1-2: Foul Ball, location: 2F
1-2: Ball
Reached via error on a dropped throw, E6
Karl Schultz to third
Terry Armstrong to second
Batting: RHB John MacGregor 0-0: Ball
1-0: Called Strike
1-1: Grounds into fielders choice 6-2 (Groundball, 56)
Terry Armstrong to third
Alberto Enríquez to second
Batting: RHB Tommy Jones 0-0: Called Strike
0-1: Foul Ball, location: 2F
0-2: Fly out, F8 (Flyball, 8LS)
Top of the 9th over - 0 run(s), 1 hit(s), 1 error(s), 3 left on base; Boston 1 - Athletic Club KC 1
BOTTOM OF THE 9TH
Athletic Club KC batting - Pitching for Boston Patriots : RHP Kyung-un Yi
Pitching: LHP Jesús Caldero
Batting: RHB John Downing 0-0: Ball
1-0: Ball
2-0: Called Strike
2-1: Ball
3-1: Base on Balls
Batting: RHB Todd Blake 0-0: Ball
1-0: Swinging Strike
1-1: Ball
2-1: Ball
3-1: Ground out U3 (Groundball, 3S)
John Downing to second
Batting: RHB Yoshifumi Sato 0-0: Called Strike
0-1: Swinging Strike
0-2: Strikes out swinging
Batting: SHB Pedro Vázquez 0-0: SINGLE (Groundball, 5L)
John Downing to third
Runner from 3rd tries for Home, SAFE, no throw or cutoff
This league is powered by Out of the Park Baseball, the baseball management simulation game for PC, Mac and Linux
Friday, July 8th, 2016 - OOTP Baseball 16.9 Build 39